Match 47196000
Unlisted

Match 47196000
End
Construct Infanterie Kompanie
Selects Mechanized Battlegroup
MG 42 Machine Gun Team
Grenadier Squad
Grenadier Squad
MG 42 Machine Gun Team
Construct Panzergrenadier Kompanie
251 Medium Carrier
Panzergrenadier Squad
Pak 40 Anti-tank Gun Team
Selects Mobile Repair Stations
Selects Raid Package
Construct Panzer Kompanie
Stoßtruppen Squad
Selects StuG Assault Group
frityesz461
poe2 is
Orion
WilloDenzo
Kvothe_88
Natan Pohren
0
0

Comments sign in to comment!

No comments posted yet!